Map: Frostline LE

Players

Xray - Winner!

  • Race: Protoss Protoss
  • Spawn Location: 7:00

Cell

  • Race: Zerg Zerg
  • League: Diamond
  • Spawn Location: 1:00

VOD

Have the link to the VOD?

Description

Time

  • Played on: Nov. 28, 2024, 7:57 a.m.
  • Length: 10:26
Show
View Real Time Build Order
Export as new Build Order

Xray Protoss - Winner!

Build Orders: 1 Gate Expand, Oracle Opening 

Get SALT Encoding   

  12  0:00  Probe  
  13  0:12  Probe  
  14  0:20  Pylon  
  14  0:24  Probe  
  15  0:34  Probe  
  15  0:41  Gateway  
  16  0:43  Probe  
  16  0:48  Assimilator  
  17  0:55  Probe  
  18  1:07  Probe  
  18  1:10  Pylon  
  19  1:19  Probe  
  20  1:29  Nexus  
  20  1:34  Cybernetics Core  
  20  1:37  Probe  
  21  1:45  Assimilator  
  21  1:49  Probe  
  21  1:52  Pylon  
  22  2:01  Probe  
  22  2:02  Adept  
  23  2:10  Probe  
  26  2:18  Probe  
  27  2:26  Stargate  
  27  2:28  Probe  
  28  2:37  Warp Gate, Probe  
  28  2:40  Probe  
  30  2:45  Probe  
  30  2:50  Gateway  
  31  2:52  Adept, Probe  
  31  2:55  Probe  
  35  3:03  Oracle  
  35  3:04  Probe  
  36  3:07  Probe  
  35  3:16  Probe  
  35  3:19  Probe  
  42  3:28  Probe  
  42  3:29  Pylon  
  42  3:31  Oracle  
  43  3:37  Probe  
  43  3:40  Probe  
  46  3:44  Nexus  
  46  3:47  Shield Battery  
  46  3:49  Probe  
  46  3:53  Probe  
  48  4:00  Pylon  
  48  4:01  Probe  
  49  4:05  Probe  
  49  4:07  Oracle  
  53  4:13  Probe  
  54  4:18  Probe  
  54  4:22  Assimilator x2  
  55  4:25  Probe  
  55  4:30  Probe  
  55  4:31  Twilight Council  
  57  4:37  Probe  
  58  4:41  Robotics Facility  
  58  4:42  Probe  
  58  4:43  Forge, Gateway  
  58  4:44  Gateway  
  59  4:47  Blink  
  59  4:48  Probe  
  60  4:53  Probe  
  60  4:54  Probe  
  60  4:56  Probe  
  60  4:59  Adept x2  
  66  5:01  Probe  
  66  5:04  Probe  
  66  5:06  Probe  
  69  5:08  Protoss Ground Weapons Level 1  
  69  5:11  Probe  
  71  5:16  Probe  
  71  5:18  Probe  
  73  5:23  Probe  
  73  5:28  Probe  
  74  5:29  Robotics Bay  
  74  5:30  Probe  
  74  5:32  Pylon  
  74  5:35  Adept, Probe  
  77  5:44  Pylon  
  77  5:50  Probe x3  
  80  6:02  Probe x3  
  80  6:03  Nexus  
  83  6:05  Gateway  
  83  6:06  Colossus, Extended Thermal Lance  
  83  6:07  Gateway  
  83  6:09  Shield Battery  
  83  6:14  Probe  
  90  6:18  Probe  
  90  6:23  Gateway  
  90  6:25  Gateway  
  91  6:27  Pylon, Gateway  
  91  6:29  Probe  
  91  6:32  Assimilator, Pylon  
  92  6:33  Assimilator  
  92  6:34  Probe  
  92  6:38  Charge  
  93  6:43  Gateway  
  93  6:45  Gateway, Probe  
  94  6:50  Probe x2  
  94  6:53  Colossus  
  96  6:54  Protoss Ground Weapons Level 2  
  102  7:06  Gateway  
  102  7:07  Gateway  
  102  7:09  Gateway  
  102  7:12  Shield Battery  
  102  7:14  Pylon, Probe x2  
  102  7:15  Gateway  
  104  7:17  Gateway  
  104  7:18  Pylon  
  104  7:22  Templar Archives  
  104  7:23  Probe  
  104  7:26  Photon Cannon  
  104  7:28  Gateway  
  105  7:31  Probe x2  
  107  7:39  Warp Prism  
  107  7:42  Probe  
  108  7:46  Stalker x4  
  118  7:57  Assimilator, Probe x2  
  118  7:58  Probe x2  
  122  8:02  Assimilator, Stalker x4  
  122  8:03  Stalker  
  132  8:06  Psionic Storm  
  132  8:16  Probe  
  132  8:17  Stalker x2  
  132  8:18  Stalker  
  131  8:32  Stalker x3  
  131  8:33  Stalker x2  
  137  8:37  Stalker  
  129  8:44  Stalker x4  
  133  8:49  Stalker x4  
  133  8:53  Pylon  
  137  8:56  Pylon, Stalker  
  137  9:00  Pylon x2  
  139  9:02  Pylon  
  139  9:10  Photon Cannon  
  139  9:11  Pylon  
  139  9:23  High Templar x5  
  139  9:24  High Templar x2  
  153  9:31  Archon x3  
  151  9:38  Stalker x5  
  153  9:39  Stalker x3  
  165  9:47  Stalker x2  
  167  9:56  Zealot x4  
  167  9:57  Zealot x3  
  181  10:02  Pylon  
  181  10:14  Stalker x5  
Show
View Real Time Build Order
Export as new Build Order

Cell Zerg 

Build Orders: Hatch First 

Get SALT Encoding   

  12  0:00  Drone  
  13  0:12  Overlord  
  13  0:19  Drone  
  14  0:31  Drone x2  
  16  0:47  Hatchery  
  15  0:50  Drone  
  15  0:55  Drone  
  17  0:58  Drone  
  18  1:07  Extractor  
  17  1:14  Spawning Pool  
  17  1:16  Drone  
  17  1:22  Drone  
  18  1:30  Drone  
  19  1:40  Overlord  
  19  1:49  Drone  
  20  2:03  Queen x2  
  20  2:04  Zergling x2  
  20  2:07  Zergling x2  
  26  2:14  Metabolic Boost  
  26  2:17  Drone  
  26  2:20  Drone  
  28  2:37  Hatchery  
  27  2:44  Drone x2  
  29  2:52  Drone x2  
  29  2:53  Drone  
  29  2:58  Drone x2  
  32  3:14  Drone x4  
  32  3:15  Overlord  
  36  3:31  Spore Crawler  
  36  3:32  Spore Crawler  
  34  3:37  Drone x3  
  34  3:38  Drone x3  
  40  3:48  Drone  
  41  3:49  Overlord  
  41  3:50  Overlord  
  41  3:51  Drone x2  
  43  4:03  Spore Crawler  
  43  4:06  Drone x5  
  43  4:07  Drone  
  48  4:15  Hatchery  
  46  4:28  Drone x7  
  53  4:38  Drone x3  
  55  4:42  Lair  
  55  4:43  Roach Warren  
  55  4:45  Evolution Chamber  
  54  4:47  Drone  
  54  4:48  Drone, Evolution Chamber  
  53  4:55  Queen  
  54  5:02  Drone x2  
  54  5:03  Drone x4  
  54  5:04  Drone  
  61  5:08  Extractor  
  58  5:29  Zerg Missile Weapons Level 1, Zerg Ground Armor Level 1  
  58  5:31  Drone x3  
  58  5:35  Extractor, Drone x3  
  63  5:36  Extractor x2, Drone x3  
  63  5:38  Drone x3  
  63  5:40  Drone  
  63  5:41  Extractor  
  63  5:42  Drone x2  
  68  5:50  Glial Reconstitution  
  68  5:51  Overlord x4  
  64  6:06  Spore Crawler, Drone x2  
  64  6:08  Roach x3  
  64  6:11  Overseer  
  71  6:14  Queen  
  71  6:17  Drone x4  
  77  6:21  Roach x3  
  77  6:22  Roach x5  
  93  6:35  Spore Crawler  
  93  6:36  Roach x4  
  93  6:37  Roach  
  93  6:38  Overlord x3  
  93  6:39  Overlord  
  102  6:44  Queen  
  104  6:50  Spore Crawler  
  100  6:56  Roach x5  
  100  6:57  Roach x3  
  100  7:00  Queen  
  116  7:07  Drone  
  117  7:11  Drone x2  
  117  7:15  Drone x4  
  123  7:17  Roach x2  
  123  7:18  Roach x3  
  133  7:25  Overlord x3  
  133  7:28  Roach  
  135  7:38  Infestation Pit  
  135  7:41  Hydralisk Den  
  135  7:42  Zerg Missile Weapons Level 2  
  135  7:43  Zerg Ground Armor Level 2  
  133  7:52  Roach x4  
  133  7:53  Roach x3  
  147  8:02  Drone x3  
  147  8:03  Drone x4  
  147  8:05  Extractor  
  153  8:06  Extractor  
  153  8:11  Roach  
  153  8:12  Roach x4  
  132  8:37  Roach x5  
  132  8:38  Roach x12  
  138  8:54  Hive  
  122  8:56  Spire, Grooved Spines  
  122  8:58  Drone  
  122  8:59  Drone x4  
  122  9:00  Drone  
  127  9:22  Roach  
  127  9:23  Roach x8  
  127  9:24  Roach  
  145  9:28  Hatchery  
  132  9:35  Hatchery  
  119  9:40  Roach  
  119  9:41  Roach x10  
  121  9:53  Ravager x2  
  121  9:54  Ravager x6  
  129  10:01  Roach x6  
Tags
 
Add a new tag
Caveats
  • Supply blocks, unpowered buildings, or Contaminate may cause inaccurate times.
  • Supply counts are checked every 10 seconds.